 Dungeon Crawl Stone Soup version 0.28.0-1-gb440e238dd (webtiles) character file.

Game seed: 9816152036357486320

2 Coolerxx2xx the Ruffian (level 1, -1/18 HPs)
             Began as a Troll Transmuter on Feb 20, 2022.
             Slain by a goblin (3 damage)
             ... on level 1 of the Dungeon.
             The game lasted 00:02:30 (286 turns).

Coolerxx2xx the Ruffian (Troll Transmuter)           Turns: 286, Time: 00:02:31

Health: -1/18      AC:  4    Str: 17    XL:     1   Next: 33%
Magic:  1/1        EV:  9    Int:  9    God:
Gold:   0          SH:  0    Dex: 10    Spells: 1/2 levels left

rFire   . . .      SeeInvis .     - Unarmed
rCold   . . .      Faith    .   (no shield)
rNeg    . . .      Spirit   .   a - +0 robe
rPois   .          Reflect  .   (helmet restricted)
rElec   .          Harm     .   (no cloak)
rCorr   .          Rampage  .   (gloves unavailable)
Will    .....                   (boots unavailable)
Stlth   +.........              (no amulet)
HPRegen 0.86/turn               (no ring)
MPRegen 0.07/turn               (no ring)

@: no status effects
A: large, unfitting armour, claws 3, regeneration 1, shaggy fur 1, tough skin 1
a: no special abilities


You were on level 1 of the Dungeon.
You visited 1 branch of the dungeon, and saw 1 of its levels.

Inventory:

Armour
 a - a +0 robe (worn)


   Skills:
 + Level 0.8 Fighting
 + Level 1.6 Dodging
 + Level 3.0 Unarmed Combat
 + Level 1.2 Spellcasting
 + Level 1.4 Transmutations


You had one spell level left.
You knew the following spells:

 Your Spells              Type           Power      Damage    Failure   Level
a - Beastly Appendage     Tmut           6%         N/A       21%         1

Your spell library contained the following spells:

 Spells                   Type           Power      Damage    Failure   Level
 Wereblood                Tmut           3%         N/A       30%         2
 Spider Form              Tmut/Pois      1%         N/A       63%         3
 Ice Form                 Ice/Tmut       1%         N/A       95%         4


Dungeon Overview and Level Annotations

Branches:
Dungeon (1/15)

Altars:


Innate Abilities, Weirdness & Mutations

You are too large for most types of armour.
You have claws for hands.
Your natural rate of healing is unusually fast.
You are covered in fur. (AC +1)
You have tough skin. (AC +1)


Message History

The kobold hits you but does no damage. The goblin closely misses you.
The kobold hits you but does no damage. The goblin hits you but does no damage.
The kobold hits you but does no damage. The goblin hits you with a +0 club.
The kobold hits you but does no damage. The goblin hits you with a +0 club.
* * * LOW HITPOINT WARNING * * *
The kobold closely misses you. The goblin barely misses you.
The kobold closely misses you. The goblin hits you with a +0 club.
* * * LOW HITPOINT WARNING * * *
The kobold barely misses you. The goblin hits you but does no damage.
The kobold completely misses you. The goblin hits you but does no damage.
The kobold hits you with a +0 dagger.
* * * LOW HITPOINT WARNING * * *
The goblin closely misses you. The kobold hits you but does no damage.
The goblin hits you with a +0 club.
* * * LOW HITPOINT WARNING * * *
The kobold hits you but does no damage. The goblin closely misses you.
The kobold hits you but does no damage. The goblin hits you with a +0 club.
* * * LOW HITPOINT WARNING * * *
The kobold barely misses you. The goblin hits you with a +0 club.
* * * LOW HITPOINT WARNING * * *
The kobold hits you with a +0 dagger.
* * * LOW HITPOINT WARNING * * *
The goblin barely misses you. The kobold completely misses you.
The goblin hits you but does no damage. The kobold hits you but does no damage.
The goblin closely misses you. The kobold hits you with a +0 dagger.
* * * LOW HITPOINT WARNING * * *
The goblin barely misses you. The kobold closely misses you.
The goblin hits you with a +0 club.
* * * LOW HITPOINT WARNING * * *
The kobold hits you but does no damage. The goblin barely misses you.
The kobold hits you with a +0 dagger.
* * * LOW HITPOINT WARNING * * *
The goblin misses you. The kobold hits you with a +0 dagger.
* * * LOW HITPOINT WARNING * * *
The goblin hits you with a +0 club.
* * * LOW HITPOINT WARNING * * *
The kobold barely misses you. The goblin hits you with a +0 club.
You die...

#............
#.............
#.............
#.............
#............
#............ ...#
#....K...# #....#
#....@g..# ....#
....[###..###
#...## . ###
#....## #....##.
##....####.......
##....#.#...#...
#...........#..
#.....#..........
#...###....#....##.
...## ##...##......


You could see a goblin and a kobold.

Vanquished Creatures
  A dart slug (D:1)
1 creature vanquished.

Vanquished Creatures (others)
  A hobgoblin (D:1)
1 creature vanquished.

Grand Total: 2 creatures vanquished

Notes
Turn   | Place    | Note
-------+----------+-------------------------------------------
     0 | D:1      | Coolerxx2xx the Troll Transmuter began the quest for the
                  | Orb.
     0 | D:1      | Reached XP level 1. HP: 18/18 MP: 1/1
   286 | D:1      | Slain by a goblin

Illustrated notes

Levels and vault maps discovered:
D:1:      eino_arrival_druids_welcome, layout_rooms,
          ebering_ecumenical_altar_ruins

Action                   || total
-------------------------++-------
Melee: Unarmed           ||     2
Armor: Robe              ||    77
Dodge: Dodged            ||   124
